 Dungeon Crawl Stone Soup version 0.27-a0-1555-g0e7b3fb1d2 (webtiles) character file.

Game seed: 17214158338370628716

49 bande the Shield-Bearer (level 3, -12/23 HPs)
             Began as a Gargoyle Fighter on July 15, 2021.
             Killed by divine providence
             ... invoked by an orc priest
              (13 damage)
             ... on level 3 of the Dungeon.
             The game lasted 00:02:29 (1788 turns).

bande the Shield-Bearer (Gargoyle Fighter)          Turns: 1788, Time: 00:02:30

Health: -12/23     AC: 10    Str: 19    XL:     3   Next: 75%
Magic:  3/3        EV:  7    Int:  8    God:
Gold:   103        SH: 10    Dex: 10    Spells: 2/2 levels left

rFire    . . .     SeeInvis .   a - +0 war axe
rCold    . . .     Faith    .   c - +1 kite shield
rNeg     + . .     Spirit   .   b - +0 scale mail
rPois    ∞         Reflect  .   (no helmet)
rElec    +         Harm     .   (no cloak)
rCorr    .         Rampage  .   (no gloves)
Will     .....                  (no boots)
Stlth    ..........             (no amulet)
HPRegen  0.07/turn              (no ring)
MPRegen  0.08/turn              (no ring)

@: weak-willed, flying (expiring)
A: sickness immunity, AC +3, negative energy resistance 1, electricity
resistance, torment resistance 1, petrification resistance
a: no special abilities


You were on level 3 of the Dungeon.
You visited 1 branch of the dungeon, and saw 3 of its levels.

You collected 103 gold pieces.

Inventory:

Hand Weapons
 a - a +0 war axe (weapon)
Armour
 b - a +0 scale mail (worn)
 c - a +1 kite shield (worn)
Jewellery
 j - a ring of protection from fire
Potions
 d - a potion of might
 i - a potion of magic


   Skills:
 + Level 3.6 Fighting
 + Level 2.4 Axes
 + Level 3.7 Armour
 + Level 0.2 Dodging
 + Level 3.8 Shields


You had 2 spell levels left.
You didn't know any spells.
Your spell library contained the following spells:

 Spells                   Type           Power      Damage    Failure   Level
 Blink                    Tloc           N/A        N/A       100%        2
 Lesser Beckoning         Tloc           0%         N/A       100%        3
 Manifold Assault         Tloc           0%         N/A       100%        5


Dungeon Overview and Level Annotations

Branches:
Dungeon (3/15)

Altars:
Uskayaw


Innate Abilities, Weirdness & Mutations

You are immune to sickness and miasma.
Your stone body is resilient. (AC +3)
You are immune to poison.
You resist negative energy. (rN+)
You are resistant to electric shocks. (rElec)
You are resistant to unholy torment.
You are immune to petrification.


Message History

The orc shouts! x2; The orc priest shouts!
You see here a rat corpse.
An orc and an orc priest come into view.
The orc priest shouts!
The orc shouts!
The orc priest mumbles some strange prayers to Beogh against you.
Beogh smites you!
You closely miss the orc. The orc hits you but does no damage.
You hit the orc.
The orc is moderately wounded.
The orc priest calls upon Beogh to heal the orc.
The orc's wounds heal themselves!
The orc priest invokes the aid of Beogh against you.
Beogh smites you!
* * * LOW HITPOINT WARNING * * *
You completely miss the orc. The orc completely misses you.
You block the orc's attack.
Unknown command.
You slash the orc!
You kill the orc!
Unknown command.
You closely miss the orc. You block the orc's attack.
The orc hits you but does no damage.
Unknown command.
You completely miss the orc. The orc barely misses you.
You closely miss the orc. You block the orc's attack. x2
You slash the orc!
You kill the orc!
The orc priest closely misses you.
Unknown command.
You barely miss the orc priest.
The orc priest hits you with a +0 hand axe.
* * * LOW HITPOINT WARNING * * *
You hit the orc priest.
The orc priest is moderately wounded.
You are starting to lose your buoyancy.
You block the orc priest's attack.
The orc priest mumbles some strange prayers to Beogh against you.
Beogh smites you!
Ouch! That really hurt!
You die...

#.. #.#
#######.#####
............#
##...##
#.....#
##...##
##†#######.
#.@ooo....
#.########
#+#


You could see 2 orc priests and an orc.

Vanquished Creatures
  A dart slug (D:1)
  2 orcs (D:3)
  A ball python (D:2)
  4 bats
  4 endoplasms (D:1)
  3 giant cockroaches
  4 hobgoblins
  2 jackals (D:2)
  6 kobolds
  A quokka (D:2)
  A frilled lizard (D:1)
  7 goblins
  2 rats
38 creatures vanquished.

Vanquished Creatures (others)
  A plant (D:3)
1 creature vanquished.

Grand Total: 39 creatures vanquished

Notes
Turn   | Place    | Note
-------+----------+-------------------------------------------
     0 | D:1      | bande the Gargoyle Fighter began the quest for the Orb.
     0 | D:1      | Reached XP level 1. HP: 14/14 MP: 1/1
   168 | D:1      | Reached XP level 2. HP: 19/19 MP: 2/2
   813 | D:1      | Reached XP level 3. HP: 19/23 MP: 3/3
  1770 | D:3      | Found a hide-covered altar of Uskayaw.
  1787 | D:3      | HP: 1/23 [orc priest (6)]
  1788 | D:3      | Killed from afar by an orc priest

Illustrated notes

Levels and vault maps discovered:
D:1:      evilmike_arrival_home_sweet_home, layout_basic, minmay_bisected
D:2:      layout_loops_ring, minmay_misc_feat_more_columns
D:3:      layout_loops_corners, grunt_temple_overflow_champion_of_chaos,
          grunt_temple_overflow_growth_and_decay,
          chequers_temple_overflow_minitemple, minitemple,
          hellmonk_ecumenical_altar_leap_of_faith, patterned_corridor

Skill      XL: |  1  2 |
---------------+-------+-----
Axes           | 2 |  2.4
Fighting       | |  3.6
Armour         | |  3.7
Dodging        | |  0.2
Shields        | |  3.8

Action                   || total
-------------------------++-------
Melee: War axe           ||   120
  Use: Scroll            ||     5
       Potion            ||     2
Armor: Scale mail        ||    69
Dodge: Dodged            ||    40
Block: Kite shield       ||    76

Table legend: (Time is in decaauts)
 A = Elapsed time spent in this place.
 B = Non-inter-level travel time spent in this place.
 C = Inter-level travel time spent in this place.
 D = Time resting spent in this place.
 E = Time spent auto-exploring this place.
 F = Levels seen in this place.
 G = Mean time per level.
                   A        B        C        D        E       F      G
               +--------+--------+--------+--------+--------+-----+--------+
         Total |   1862 |   1862 |      0 |    120 |   1393 |   3 |  620.7 |
       Dungeon |   1862 |   1862 |      0 |    120 |   1393 |   3 |  620.7 |
               +--------+--------+--------+--------+--------+-----+--------+

Top non-repeatable levels by time:
     D:1: 1073 daAuts
     D:2: 755 daAuts
     D:3: 33 daAuts
